 Dungeon Crawl Stone Soup version 0.31-a0-229-g1fc7ce93e2 (webtiles) character file.

Game seed: 4338129276220273435

159 qw the Shooter (level 5, 0/41 HPs)
             Began as a Minotaur Hexslinger on July 6, 2023.
             Slain by Grinder (7 damage)
             ... on level 3 of the Dungeon.
             The game lasted 00:00:42 (2015 turns).

qw the Shooter (Minotaur Hexslinger)                Turns: 2015, Time: 00:00:43

Health: 0/41       AC:  5    Str: 13    XL:     5   Next: 17%
Magic:  5/5        EV: 11    Int: 14    God:
Gold:   67         SH:  0    Dex: 14    Spells: 5/6 levels left

rFire   . . .        Y - +1 sling
rCold   . . .        (no shield)
rNeg    . . .        h - +0 ring mail "Nimabekk" {Int+4}
rPois   .            (helmet restricted)
rElec   .            (no cloak)
rCorr   .            (no gloves)
SInv    .            (no boots)
Will    .....        (no amulet)
Stlth   +            (no ring)
HPRegen 0.26/turn    (no ring)
MPRegen 0.09/turn

%: no passive effects
@: slowed, very slow
A: horns 2, retaliatory headbutt
a: no special abilities


You were on level 3 of the Dungeon.
You visited 1 branch of the dungeon, and saw 3 of its levels.

You collected 67 gold pieces.


Innate Abilities, Weirdness & Mutations

You have a pair of horns on your head.
You reflexively headbutt those who attack you in melee.


   Skills:
 + Level 2.0 Fighting
 - Level 5.2 Ranged Weapons
 - Level 2.3 Armour
 - Level 2.1 Dodging
 - Level 1.0 Spellcasting
 - Level 2.0 Hexes


You had 5 spell levels left.
You knew the following spells:

 Your Spells              Type           Power      Damage    Failure   Level
a - Slow                  Hex            24%        N/A       24%         1

Your spell library contained the following spells:

 Spells                   Type           Power      Damage    Failure   Level
 Inner Flame              Hex/Fire       3%         N/A       73%         3
 Portal Projectile        Hex/Tloc       6%         N/A       73%         3
 Cause Fear               Hex            3%         N/A       94%         4

Inventory:

Hand Weapons
 Y - a +1 sling (weapon)
Armour
 h - the +0 ring mail "Nimabekk" (worn) {Int+4}
   (You found it on level 2 of the Dungeon)

   Int:       It affects your intelligence (+4).
Scrolls
 a - a scroll of identify
 b - a scroll of enchant weapon {unknown}
Potions
 c - a potion of lignification {unknown}
 d - 2 potions of might {unknown}
 e - a potion of cancellation
 f - a potion of enlightenment {unknown}
 g - a potion of mutation {unknown}

Dungeon Overview and Level Annotations

Branches:
Dungeon (3/15)

Altars:
Hepliaklqana
Qazlal
Wu Jian
Yredelemnul

Annotations:
D:2 1 runed translucent door, Crazy Yiuf
D:3 Grinder, Natasha


Message History

Natasha casts a spell at you.
You feel yourself slow down.
You shoot a sling bullet.
The sling bullet hits the iguana but does no damage.
The iguana is lightly wounded.
The iguana closely misses you. You furiously retaliate!
You headbutt the iguana. You shoot a sling bullet.
The sling bullet hits the iguana but does no damage.
The iguana is moderately wounded.
The iguana bites you. The iguana barely misses you. You furiously retaliate!
You headbutt the iguana.
Natasha casts a spell.
You shoot a sling bullet.
The sling bullet closely misses the iguana.
The iguana misses you. Grinder completely misses you.
Natasha stares at you and mumbles some strange words.
You resist with some effort. The iguana barely misses you. Grinder hits you.
You writhe in agony.
Natasha casts a spell.
You shoot a sling bullet. The sling bullet hits the iguana.
The iguana is severely wounded.
Grinder barely misses you. You furiously retaliate!
You headbutt Grinder.
The iguana bites you but does no damage.
The cerulean imp hits you from afar with a +1 spear.
You shoot a sling bullet. The sling bullet hits the iguana.
The iguana is severely wounded.
Grinder closely misses you. The iguana closely misses you.
The cerulean imp closely misses you. Grinder gestures at you.
You barely resist. The iguana bites you!
The cerulean imp hits you from afar with a +0 spear.
The cerulean imp hits you from afar with a +1 spear.
Natasha howls an incantation.
Natasha shimmers violently.
Natasha claws you.
You shoot a sling bullet.
The sling bullet hits the iguana but does no damage.
The iguana is severely wounded.
Grinder hits you!
You die...

.# #~.~# .####~.~#
...... ....#~.~# #.#.#
.)..#~.~# .....
....#~.~# #... #...#~.~#
##..### #...#~)~# .)...
....##.##### #l5## .
####.......#####@..#....
#...)......5h........
#>...)....%.5...#.#..
#...........#........ #
#...............#.#.# ##
####................. .#
#.......)......... .#
#..............<.. .#
#.............<...


You could see Grinder, an iguana, Natasha and 2 cerulean imps.

Vanquished Creatures
  An orc priest (D:3)
  An orc wizard (D:3)
  Natasha (twice) (D:3)
  2 worms
  3 orcs (D:3)
  6 bats
  3 endoplasms
  A giant cockroach (D:2)
  7 goblins
  3 hobgoblins
  A quokka (D:1)
  5 ball pythons
  2 frilled lizards
  4 kobolds
  8 rats
49 creatures vanquished.

Notes
Turn   | Place    | Note
-------+----------+-------------------------------------------
     0 | D:1      | qw the Minotaur Hexslinger began the quest for the Orb.
     0 | D:1      | Reached XP level 1. HP: 16/16 MP: 1/1
     0 | D:1      | 0 ||| qw: Version: 0.3-a-46-gb1f654a
     0 | D:1      | 0 ||| qw: Game counter: 1341
     0 | D:1      | 0 ||| qw: Melee chars always use a shield: true
     0 | D:1      | 0 ||| qw: God list: Okawaru
     0 | D:1      | 0 ||| qw: Allow faded altars: false
     0 | D:1      | 0 ||| qw: Do Orc after clearing Dungeon:15 true
     0 | D:1      | 0 ||| qw: Do second Lair branch before Depths: true
     0 | D:1      | 0 ||| qw: Lair rune preference: random
     0 | D:1      | 0 ||| qw: Goals: Normal
     0 | D:1      | 0 ||| PLANNING D:1-11
    89 | D:1      | HP: 4/16 [goblin/+0 club (4)]
   207 | D:1      | Reached skill level 3 in Ranged Weapons
   222 | D:1      | Reached XP level 2. HP: 23/23 MP: 2/2
   815 | D:1      | 815 ||| READING 3 scrolls labelled YGEAPL WESE.
   816 | D:1      | 816 ||| READING scroll labelled PEN MARIAZA.
   817 | D:1      | 817 ||| READING 2 scrolls of identify.
   817 | D:1      | 817 ||| IDENTIFYING fizzy pink potion
   818 | D:1      | 818 ||| DROPPING scroll of poison.
   997 | D:2      | Found a runed translucent door.
   998 | D:2      | Noticed Crazy Yiuf
  1234 | D:2      | Reached XP level 3. HP: 29/29 MP: 3/3
  1247 | D:2      | Identified the +0 ring mail "Nimabekk" {Int+4}
  1496 | D:2      | 1496 ||| UPGRADING to +0 ring mail "Nimabekk" {Int+4}.
  1506 | D:2      | 1506 ||| DROPPING +0 robe.
  1507 | D:2      | 1507 ||| READING scroll labelled NEAKUA DINIE.
  1508 | D:2      | 1508 ||| READING scroll labelled EMOUSO HAVVELL.
  1534 | D:3      | Found an ornate altar of the Wu Jian Council.
  1534 | D:3      | Found a stormy altar of Qazlal.
  1539 | D:3      | Found a hazy altar of Hepliaklqana.
  1539 | D:3      | Found a basalt altar of Yredelemnul.
  1609 | D:3      | Reached skill level 4 in Ranged Weapons
  1688 | D:3      | Reached XP level 4. HP: 32/36 MP: 4/4
  1861 | D:3      | Noticed Natasha
  1869 | D:3      | HP: 8/36 [cerulean imp/+2 spear[Natasha] (3)]
  1871 | D:3      | 1871 ||| Stepping ~*~*~tactically~*~*~ (outnumbered).
  1874 | D:3      | HP: 5/36 [cerulean imp/+0 spear[Natasha] (1)]
  1880 | D:3      | Killed Natasha
  1993 | D:3      | Noticed Natasha
  1998 | D:3      | Killed Natasha
  1999 | D:3      | Reached skill level 5 in Ranged Weapons
  1999 | D:3      | Reached XP level 5. HP: 40/41 MP: 5/5
  2003 | D:3      | Noticed Grinder
  2009 | D:3      | Noticed Natasha
  2014 | D:3      | HP: 8/41 [cerulean imp/+1 spear[Natasha] (3)]
  2015 | D:3      | Slain by Grinder

Levels and vault maps discovered:
D:1:      psy_arrival_wood_between_worlds, layout_basic,
          nicolae_kite_square_tiling_tiny, minmay_cupped
D:2:      layout_basic, grunt_ministairs_2, uniq_crazy_yiuf_cottage
D:3:      layout_rooms, grunt_qazlal_sundering,
          chequers_temple_overflow_statue_of_worship, serial_glass,
          glass_columns_c, glass_columns_a, amcnicky_mini_rare_corridor_liquid,
          roderic_three_in_a_row, palyth_stone_intersect,
          ebering_dispersal_statue_hall, st_stairs_4, uniq_grinder,
          uniq_natasha, uniq_robin

Skill      XL: |  1  2  3  4 |
---------------+-------------+-----
Ranged Weapons | 3 4 5 |  5.2
Fighting       | 2 |  2.0
Armour         | 2 |  2.3
Dodging        | |  2.1
Spellcasting   | |  1.0
Hexes          | |  2.0

Action                     |  1- 3 |  4- 6 || total
---------------------------+-------+-------++-------
   Fire: Sling             |   111 |    53 ||   164
    Use: Scroll            |     5 |       ||     5
 Armour: Robe              |     8 |       ||     8
         Ring mail         |     1 |    15 ||    16
  Dodge: Dodged            |    20 |    36 ||    56

Table legend:
 A = Non-vault XP
 B = Vault XP
 C = Vault XP percentage of total XP
 D = Non-vault monster count
 E = Vault monster count
 F = Vault count percentage of total count
                 A         B        C        D         E       F
            +---------+---------+-------+---------+---------+-------
      Total |     180 |      48 |  21.1 |      41 |       8 |  16.3
            +---------+---------+-------+---------+---------+-------
        D:1 |      25 |       6 |  19.4 |      20 |       3 |  13.0
        D:2 |      19 |       3 |  13.6 |       9 |       2 |  18.2
        D:3 |     136 |      39 |  22.3 |      12 |       3 |  20.0
            +---------+---------+-------+---------+---------+-------
